cohdb
Replays
Latest Replays
All Replays
Popular Replays
Top Player Replays
Match Explorer
How It Works
Community
CoH3 Stats
Reddit
Sign in to upload your games and track your stats! →
Sign in with Steam
Match 42536933
Unlisted
Match 42536933
Overview
Messages
Build Orders
End
Panzergrenadier Squad
Panzerpioneer Squad
250 Light Carrier
Construct Light Support Kompanie
Combat Half-tracks
Selects Armored Support Battlegroup
Selects Veteran Gunners
Fire Support Elements
Flakvierling Half-track
Vehicle Survival Package
Panzerjäger Mechanized Group
Pak 38 Anti-tank Gun Team
Construct Panzerarmee Kommand
Selects Flammpanzer III Medium Tank
Assault Grenadier Squad
MG34 Team
Panzerpioneer Squad
Selects Salvage Kits
Panzer III L Medium Tank
Emergency Repair Kits
Panzerpioneer Squad
Flammpanzer III Medium Tank
Selects Panzer Storm
Rapid Advance
Panzer III L Medium Tank
Pak 38 Anti-tank Gun Team
Panzerpioneer Squad
Tungsten Core Ammunition
Panzer III L Medium Tank
Dave
Potatohalbe
Colonel_Me
General_Me
0
0
Comments
sign in to comment!
No comments posted yet!